Map: Oceanborn LE

Players

moo - Winner!

  • Race: Zerg Zerg
  • League: Diamond
  • Spawn Location: 11:00

KingGhidorah

  • Race: Zerg Zerg
  • League: Diamond
  • Spawn Location: 5:00

VOD

Have the link to the VOD?

Description

Time

  • Played on: Nov. 19, 2023, 9:23 a.m.
  • Length: 7:08
Show
View Real Time Build Order
Export as new Build Order

moo Zerg - Winner!

Build Orders: Pool First 

Get SALT Encoding   

  12  0:00  Drone  
  13  0:10  Drone  
  14  0:29  Spawning Pool  
  14  0:30  Drone  
  14  0:37  Extractor  
  14  0:38  Drone  
  15  0:50  Overlord  
  15  1:16  Zergling x6  
  18  1:26  Spine Crawler  
  18  1:28  Zergling x2  
  19  1:40  Spine Crawler  
  19  1:42  Zergling x2  
  19  1:53  Hatchery  
  19  1:54  Spine Crawler  
  19  1:55  Drone  
  19  1:56  Queen  
  21  2:06  Spine Crawler  
  21  2:11  Spine Crawler  
  20  2:26  Drone  
  20  2:38  Drone  
  20  2:43  Overlord  
  21  2:46  Extractor  
  21  2:48  Extractor  
  19  3:00  Drone  
  19  3:01  Drone x2  
  22  3:09  Drone  
  23  3:14  Overlord  
  23  3:15  Queen x2  
  27  3:30  Drone x4  
  27  3:56  Drone x2  
  27  4:02  Drone  
  30  4:03  Zergling x4  
  32  4:14  Queen  
  32  4:16  Drone x3  
  39  4:36  Lair  
  37  4:40  Spine Crawler  
  37  4:42  Roach Warren  
  37  4:45  Zergling x8, Evolution Chamber  
  38  4:51  Zergling x4  
  40  5:14  Overlord x2  
  40  5:27  Roach x2  
  40  5:28  Overlord x2  
  43  5:39  Spire  
  44  5:50  Roach x3  
  48  6:02  Nydus Network  
  42  6:21  Zergling x2, Roach x3  
  42  6:22  Drone x2  
  51  6:42  Nydus Canal  
  51  6:49  Drone x2  
  51  6:50  Drone x5  
  58  6:59  Nydus Canal  
Show
View Real Time Build Order
Export as new Build Order

KingGhidorah Zerg 

Build Orders: Hatch First 

Get SALT Encoding   

  12  0:00  Drone  
  13  0:10  Drone  
  14  0:14  Extractor  
  14  0:17  Drone  
  15  0:39  Hatchery  
  14  0:45  Extractor, Drone  
  14  0:59  Spawning Pool  
  14  1:03  Drone  
  14  1:48  Overlord  
  14  1:51  Overlord  
  14  1:53  Zergling x4  
  16  1:57  Queen  
  18  2:06  Zergling x4  
  19  2:16  Zergling x2  
  20  2:29  Zergling x4  
  18  3:00  Zergling x6  
  17  3:32  Zergling x8  
  9  3:56  Zergling x4  
  9  4:01  Queen  
  13  4:07  Drone  
  14  4:12  Metabolic Boost  
  14  4:16  Drone  
  15  4:28  Drone  
  16  4:36  Zergling x2  
  17  4:47  Drone  
  18  5:00  Baneling Nest  
  18  5:06  Drone  
  18  5:13  Drone  
  19  5:20  Drone  
  20  5:41  Drone x2  
  22  5:44  Baneling x4  
  22  5:45  Baneling  
  22  5:55  Overlord  
  21  6:18  Zergling x10  
  21  6:23  Drone  
  21  6:39  Drone  
  22  6:45  Drone  
  24  6:54  Drone x2  
Tags
 
Add a new tag
Caveats
  • Supply blocks, unpowered buildings, or Contaminate may cause inaccurate times.
  • Supply counts are checked every 10 seconds.